 Dungeon Crawl Stone Soup version 0.20.0-15-g7f486f2 (webtiles) character file.

656815 StormFighter the Wrestler (level 27, -10/198 HPs)
             Began as a Vine Stalker Fighter on June 12, 2017.
             Was a Priest of the Shining One.
             Mangled by a ghoul (15 damage)
             ... on level 1 of the Crypt on June 14, 2017.
             The game lasted 03:32:25 (55622 turns).

StormFighter the Wrestler (Vine Stalker Fighter)   Turns: 55622, Time: 03:32:26

Health: -10/198    AC: 21    Str: 28    XL:     27
Magic:  0/38       EV: 20    Int: 14    God:    the Shining One [***...]
Gold:   6653       SH: 11    Dex: 24    Spells: 25/47 levels left

rFire    + . .     SeeInvis +     - Unarmed
rCold    + . .     Gourm    .   v - +0 shield {reflect}
rNeg     + + .     Faith    .   (armour currently unavailable)
rPois    ∞         Spirit   +   s - +0 hat {SInv}
rElec    +         Reflect  +   B - +1 cloak "Tuxtux" {MR+ Int+4 Dex+5}
rCorr    .         Harm     .   (gloves currently unavailable)
MR       +++++                  (boots currently unavailable)
Stlth    +.........             Q - amulet of regeneration
Regen    1.7/turn               N - ring of Guudu {*Corrode +Fly MR- Dex+3 Slay+5}
MPRegen  0.3/turn               U - ring "Nezooxuk" {rF+ rC+ MR++}

@: statue-form, corroded, glowing, studying Translocations, drained, very slow
A: fangs 3, regeneration 2, evolution 1, magic shield, antimagic bite, no potion
heal 3, rot immunity
}: 4/15 runes: decaying, slimy, silver, gossamer
a: End Transformation, Divine Shield, Renounce Religion, Evoke Flight


You were on level 1 of the Crypt.
You worshipped the Shining One.
The Shining One was most pleased with you.
You were full.
You were a stone statue.
You visited 12 branches of the dungeon, and saw 52 of its levels.
You visited the Abyss 1 time.
You also visited: Labyrinth, Ice Cave and Wizlab.

You collected 7933 gold pieces.
You spent 1280 gold pieces at shops.

Inventory:

Armour
 a - a +1 pair of boots of flying (melded)
 s - a +0 hat of see invisible (worn)
 v - a +0 shield of reflection (worn)
 y - a +2 pair of gloves (melded)
 B - the +1 cloak "Tuxtux" (worn) {MR+ Int+4 Dex+5}
   (You found it in a wizard's laboratory)

   It affects your intelligence (+4).
   It affects your dexterity (+5).
   It affects your resistance to hostile enchantments.
 L - a +3 chain mail of cold resistance (melded)
Jewellery
 f - the ring of Greed {EV+3 Str+6 Dex+4}
   (You bought it in a shop on level 2 of the Orcish Mines)

   [ring of evasion]

   It affects your evasion (+3).
   It affects your strength (+6).
   It affects your dexterity (+4).
 F - the ring of Dim Light {Wiz +Inv rC- Int+2 Dex+4}
   (You took it off a deep elf annihilator on level 3 of the Elven Halls)

   [ring of wizardry]

   It improves your spell success rate.
   It affects your intelligence (+2).
   It affects your dexterity (+4).
   It makes you vulnerable to cold.
   It lets you turn invisible.
 N - the ring of Guudu (left hand) {*Corrode +Fly MR- Dex+3 Slay+5}
   (You found it in a labyrinth)

   [ring of dexterity]

   It affects your dexterity (+3).
   It affects your accuracy and damage with ranged weapons and melee attacks
   (+5).
   It affects your resistance to hostile enchantments.
   It lets you fly.
   It may corrode you when you take damage.
 Q - an amulet of regeneration (around neck)
 S - an uncursed ring of see invisible
 U - a ring "Nezooxuk" (right hand) {rF+ rC+ MR++}
   (You took it off an ogre mage on level 5 of the Vaults)

   [ring of protection from cold]

   It protects you from fire.
   It protects you from cold.
   It affects your resistance to hostile enchantments.
Wands
 o - a wand of digging (17/24)
 M - a wand of scattershot (0/9)
 Y - a wand of clouds (2/9)
Scrolls
 b - a scroll of amnesia
 g - 30 scrolls of identify
 h - 14 scrolls of teleportation
 m - 10 scrolls of fog
 q - 3 scrolls of summoning
 t - 9 scrolls of fear
 u - a scroll of silence
 x - 9 scrolls of recharging
 z - 8 scrolls of magic mapping
 C - 6 scrolls of enchant armour
 H - 8 scrolls of noise
 I - 4 scrolls of immolation
 O - 21 scrolls of remove curse
 V - 4 scrolls of blinking
Potions
 c - 7 potions of might
 e - 3 potions of resistance
 i - 21 potions of curing
 j - 11 potions of haste
 k - 7 potions of mutation
 p - 4 potions of brilliance
 r - 11 potions of agility
 A - 3 potions of flight
 D - 2 potions of cancellation
 G - 6 potions of magic
 K - 6 potions of lignification
 P - 4 potions of invisibility
 R - 8 potions of ambrosia
 T - 4 potions of berserk rage
Books
 n - a manual of Translocations
Miscellaneous
 l - the horn of Geryon
 J - 3 phantom mirrors
 W - a lightning rod (2/4)
Comestibles
 d - 28 bread rations
 E - 19 fruits


   Skills:
 - Level 18.7(18.6) Fighting
 - Level 16.8 Armour
 - Level 11.0(10.9) Dodging
 - Level 2.6 Shields
 - Level 21.6(21.5) Unarmed Combat
 - Level 10.5(10.4) Spellcasting
 - Level 12.9 Translocations
 - Level 19.4(19.3) Transmutations
 - Level 20.8 Earth Magic
 + Level 10.4(10.3) Invocations


You had 25 spell levels left.
You knew the following spells:

 Your Spells              Type           Power        Failure   Level  Hunger
a - Statue Form           Tmut/Erth      ######...    1%          6    ######.
b - Blink                 Tloc           N/A          1%          2    None
c - Passage of Golubria   Tloc           N/A          2%          4    ###....
d - Lesser Beckoning      Tloc           #####.....   1%          3    #......
e - Aura of Abjuration    Summ           #.........   100%        5    #####..
f - Passwall              Tmut/Erth      ######....   1%          2    None


Dungeon Overview and Level Annotations

Branches:
Dungeon (15/15)            Temple (1/1) D:7            Lair (6/6) D:11
  Swamp (4/4) Lair:2       Spider (4/4) Lair:3        Slime (5/5) Lair:6
    Orc (2/2) D:10            Elf (3/3) Orc:2        Vaults (5/5) D:13
  Crypt (1/3) Vaults:2     Depths (5/5) D:15           Hell (1/1)
    Dis (0/7) Hell            Geh (0/7) Hell            Coc (0/7) Hell
    Tar (0/7) Hell            Zot (0/5) Depths:5

Altars:
Ashenzari
Cheibriados
Dithmenos
Elyvilon
Fedhas
Hepliaklqana
Kikubaaqudgha
Nemelex Xobeh
Okawaru
Qazlal
Trog
Vehumet
Yredelemnul
Zin
The Shining One
Beogh
Jiyva

Shops:
D:12 *   D:14 (   Orc:2 ==*?   Vaults:1 }   Vaults:4 =*}

Portals:
Hell: Depths:1 Depths:2 Depths:3 Depths:4 Depths:5
Abyss: Depths:1 Depths:4
Pandemonium: Depths:1 Depths:3 Depths:4
Ziggurat: Depths:4
Trove: D:10 (give 7 potions of haste)

Annotations:
D:7 exclusion: statue
Lair:3 exclusion: 4 oklob plants
Elf:2 3 runed doors


Innate Abilities, Weirdness & Mutations

You have razor-sharp teeth.
You heal very quickly.
When hurt, damage is shared between your health and your magic reserves.
Your bite disrupts and absorbs the magic of your enemies.
Potions cannot restore your health.
You are immune to rotting.
((You are partially covered in yellow scales. (AC +2)))
You evolve.


Message History

Okay, then.
Casting: Statue Form
Confirm with . or Enter, or press ? or * to list all spells.
You blink.
Found 22 gold pieces.
Casting: Blink
Confirm with . or Enter, or press ? or * to list all spells.
Aiming: Passage of Golubria
Press: ? - help, Dir - move target cursor The white draconian breathes frost at you.
The chilling blast hits the bog body.
The bog body resists.
The chilling blast hits you! You resist.
* * * LOW HITPOINT WARNING * * *
Unknown command.
The ghoul claws you!
* * * LOW HITPOINT WARNING * * *
You block the ghoul's attack. The ghoul claws you!
* * * LOW HITPOINT WARNING * * *
You block the ghoul's attack. The ghoul claws you!
You die...

..............
###.................
...................
.......... .......^.
......... #........
#^.....#
#P.####8n....#
PP$.'.'nn....#
P...###/..n..# #...
.$ +..dd..+ #...
#......#####+##...
#.................
#.................
#.................
#.................


You could see 2 ghouls, 2 draconians and 2 bog bodies.

Vanquished Creatures
  the Royal Jelly (Slime:5)
  2 juggernauts
  Boris (Vaults:2)
  Bai Suzhen (Swamp:4)
  Margery (Depths:3)
  the Lernaean hydra (Swamp:4)
  Saint Roka (Depths:3)
  Geryon (Hell)
  The ghost of asdasd2 the Conqueror, an adept MiFi of Okawaru (Vaults:5)
  9 golden dragons
  Arachne (Spider:3)
  3 tentacled monstrosities
  4 liches
  Rupert (D:12)
  3 quicksilver dragons
  Asterion (Vaults:1)
  27 acid blobs
  An eldritch tentacle (WizLab)
  3 deep elf master archers
  6 titans
  2 deep elf blademasters (Elf:3)
  2 tentacled starspawn (WizLab)
  Agnes (Spider:1)
  4 sphinxes
  Kirke (Lair:2)
  3 thorn hunters
  An ancient champion (Vaults:2)
  7 shadow dragons
  8 tengu reavers
  Roxanne (Spider:4)
  Donald (Elf:1)
  31 azure jellies
  A draconian knight (Depths:5)
  10 storm dragons
  6 fire giants
  An orc warlord (D:10)
  4 deep elf sorcerers
  A ghost moth (shapeshifter) (Vaults:4)
  The ghost of Vajrapani the Unseen, an adept OpFi of Hepliaklqana (Swamp:2)
  A draconian shifter (WizLab)
  A ghost moth (Spider:4)
  16 vault wardens
  3 iron dragons
  An angel (WizLab)
  15 ironheart preservers
  20 frost giants
  Louise (Swamp:4)
  8 reapers (Hell)
  5 emperor scorpions (Spider:4)
  4 deep elf elementalists
  A draconian stormcaller (Depths:5)
  A war gargoyle (Hell)
  2 ghouls (Crypt:1)
  2 spriggan defenders (Depths:3)
  2 entropy weavers
  13 very ugly things
  27 stone giants
  3 black draconians (Depths:5)
  11 deep elf annihilators
  A green draconian (Depths:5)
  A white draconian (Depths:5)
  2 vampire knights
  3 lorocyprocas (Hell)
  A yellow draconian (Crypt:1)
  Azrael (Spider:1)
  2 large abominations
  A red draconian (Depths:5)
  15 deep elf demonologists
  14 spark wasps
  A purple draconian (Depths:5)
  2 crystal guardians
  A blizzard demon (Hell)
  12 deep elf death magi
  21 death oozes
  A minotaur (Lab)
  A green death (Hell)
  18 ettins
  A minotaur (shapeshifter) (Depths:4)
  Josephine (Orc:1)
  19 fire dragons
  14 yaktaur captains
  Erolcha (Orc:1)
  Fannar (Orc:1)
  6 deep elf high priests
  23 ogre magi
  13 great orbs of eyes
  4 rakshasas
  18 hydras
  17 centaur warriors
  35 vault guards
  8 ice dragons
  3 death knights
  7 spriggan air magi
  2 catoblepae
  75 two-headed ogres
  A death yak (IceCv)
  10 deep troll shamans
  16 dancing weapons
  8 death scarabs (Spider:4)
  2 small abominations
  6 hell hogs
  2 vampire magi
  8 tengu warriors
  2 thrashing horrors (WizLab)
  8 alligators
  10 deep troll earth magi
  5 soul eaters
  A titan zombie (Hell)
  An iron golem (Hell)
  2 storm dragon zombies
  9 spriggan berserkers
  A shock serpent (shapeshifter) (Vaults:1)
  17 deep elf knights
  2 titan skeletons
  2 spectral emperor scorpions (Spider:4)
  An orc high priest (Orc:2)
  3 shadow wraiths
  5 iron trolls
  9 sun demons
  8 skeletal warriors
  2 fire crabs (shapeshifter)
  A storm dragon skeleton (Vaults:4)
  25 deep trolls
  8 hell knights
  2 flayed ghosts
  5 wizards
  A spriggan druid (Swamp:4)
  3 unseen horrors
  An anaconda zombie (Crypt:1)
  5 glowing orange brains
  A death drake (shapeshifter) (D:15)
  12 swamp dragons
  A shadow dragon zombie (Crypt:1)
  An obsidian statue (WizLab)
  Pikel (D:8)
  4 shambling mangroves
  11 ironbrand convokers
  17 deep elf archers
  2 spectral wolf spiders (Spider:4)
  13 orc knights
  4 phantasmal warriors
  66 deep elf magi
  2 tengu skeletons
  An oklob plant (Lair:1)
  8 necromancers
  18 orb spiders
  44 ugly things
  An orb spider (shapeshifter) (Depths:5)
  A stone giant zombie (Hell)
  4 cyclopes
  A manticore (D:15)
  15 orc sorcerers
  4 shining eyes
  45 wolf spiders
  2 worldbinders (WizLab)
  2 frost giant zombies (Vaults:5)
  2 wolf spider zombies
  A moth of wrath (shapeshifter) (Vaults:5)
  A manticore (shapeshifter) (Vaults:1)
  18 elephants
  4 rust devils
  2 frost giant skeletons
  An eye of devastation (shapeshifter) (Vaults:5)
  A stone giant skeleton (WizLab)
  A water nymph (shapeshifter) (Depths:4)
  8 eyes of devastation
  A moth of wrath (Spider:4)
  11 vault sentinels
  A torpor snail (Lair:6)
  A guardian serpent (WizLab)
  4 black mambas
  4 smoke demons
  A gargoyle (D:13)
  19 spiny frogs
  A spriggan skeleton (Depths:5)
  2 spectral redbacks (Spider:4)
  A hellion (Hell)
  2 rime drakes
  7 komodo dragons
  A kobold demonologist (D:15)
  13 demonic crawlers
  7 ice devils (Hell)
  A yellow draconian skeleton (Crypt:1)
  2 redback zombies (Spider:4)
  An efreet (D:15)
  8 freezing wraiths
  5 tengu conjurers
  A komodo dragon (shapeshifter) (Depths:2)
  63 yaktaurs
  3 meliai (Spider:3)
  A yaktaur (shapeshifter) (Depths:5)
  2 queen bees
  A harpy zombie (Vaults:1)
  42 jumping spiders
  25 polar bears
  A meliai (shapeshifter) (Vaults:5)
  11 trolls
  A harpy skeleton (Crypt:1)
  5 raiju
  2 guardian mummies (Crypt:1)
  A tengu simulacrum (Vaults:5)
  A spectral jumping spider (Spider:4)
  A polar bear (shapeshifter) (Vaults:5)
  5 spectral tarantellas (Spider:4)
  A tarantella zombie (Spider:4)
  12 tyrant leeches
  27 hornets
  22 hippogriffs
  A hydra skeleton (Hell)
  2 meliai zombies
  14 bog bodies
  2 alligator zombies
  A snapping turtle (shapeshifter) (Depths:4)
  3 jumping spider zombies (Spider:4)
  A blink frog (shapeshifter) (Vaults:3)
  A hippogriff (shapeshifter) (Vaults:4)
  A stone giant simulacrum (Crypt:1)
  126 slime creatures
  9 dream sheep
  A fire giant simulacrum (Vaults:1)
  22 blink frogs
  A flying skull (Vaults:2)
  An ice dragon skeleton (Crypt:1)
  37 tarantellas
  72 redbacks
  2 spriggans (shapeshifter)
  11 spriggans
  An alligator skeleton (Hell)
  8 air elementals
  14 water elementals
  10 wraiths
  78 yaks
  3 shadows
  2 tarantellas (shapeshifter)
  20 wyverns
  15 fire elementals
  5 golden eyes
  A human (D:4)
  A hog (shapeshifter) (Vaults:5)
  10 basilisks
  5 hogs
  A basilisk (shapeshifter) (Depths:2)
  6 steam dragons
  28 vampire mosquitoes
  4 spatial vortices (WizLab)
  Menkaure (D:4)
  4 hungry ghosts
  Edmund (D:6)
  A yaktaur simulacrum (Vaults:3)
  16 wargs
  28 swamp worms
  A soldier ant (D:15)
  27 hell hounds
  11 water moccasins
  An acid dragon (shapeshifter) (Depths:2)
  11 insubstantial wisps
  3 acid dragons
  A floating eye (shapeshifter) (Depths:4)
  A hydra simulacrum (Hell)
  An orb spider zombie (Crypt:1)
  2 hornet zombies
  3 floating eyes
  6 porcupines
  4 spectral hornets (Spider:4)
  A manticore zombie (Crypt:1)
  12 swamp drakes
  8 ice beasts
  5 sky beasts
  12 black bears
  43 orc warriors
  5 phantoms
  2 necrophages
  A slave (D:8)
  4 eyes of draining
  54 ogres
  A black mamba simulacrum (Crypt:1)
  10 boggarts
  38 centaurs
  53 wolves
  An elf skeleton (Vaults:4)
  An elf zombie (Vaults:1)
  A lindwurm skeleton (Crypt:1)
  A swamp dragon skeleton (Crypt:1)
  20 crocodiles
  3 big kobolds
  A gnoll sergeant (D:11)
  19 bullfrogs
  5 earth elementals
  2 yaktaur skeletons
  A water moccasin zombie (D:5)
  3 human skeletons
  2 spiny frog simulacra (Hell)
  3 scorpions
  43 killer bees
  3 human simulacra
  3 wights (D:6)
  3 howler monkeys
  9 electric eels
  6 crimson imps
  The ghost of Torious the Conjurer, a weakling DECj (D:3)
  2 bullfrog zombies
  5 hounds
  7 human zombies
  32 jellies
  2 bullfrog skeletons
  5 centaur zombies
  41 orc wizards
  4 centaur skeletons
  4 iron imps
  20 orc priests
  Ijyb (D:4)
  3 iguanas
  9 worker ants
  12 hell rats
  3 mummies
  A hound skeleton (D:4)
  3 worker ant zombies
  10 gnolls
  A howler monkey skeleton (D:11)
  10 adders
  A river rat (D:10)
  5 shadow imps
  11 oozes
  A worm zombie (Crypt:1)
  An adder zombie (D:5)
  2 worms
  2 dart slugs
  7 leopard geckos
  91 orcs
  9 bats
  A bat skeleton (Crypt:1)
  A giant cockroach (D:3)
  10 goblins
  12 hobgoblins
  5 jackals
  6 quokkas
  A ball python (D:1)
  3 frilled lizards
  A frilled lizard skeleton (Crypt:1)
  A jackal skeleton (D:8)
  A jackal zombie (D:5)
  21 kobolds
  9 rats
  3 briar patches (Swamp:4)
  A crawling corpse (Vaults:5)
  2 plants
  A starspawn tentacle (WizLab)
2878 creatures vanquished.

Vanquished Creatures (collateral kills)
  An orc wizard (D:12)
1 creature vanquished.

Vanquished Creatures (others)
  Jorgrun (Swamp:3)
  A frost giant (Crypt:1)
  A rakshasa (WizLab)
  A hell beast (Depths:5)
  A deep elf knight (Elf:2)
  A shadow wraith (Vaults:1)
  2 deep elf archers
  A moth of wrath (shapeshifter) (Vaults:5)
  10 yaktaurs
  A hornet (Vaults:5)
  2 ogres
  A wolf (IceCv)
  A boggart (Elf:1)
  A centaur (Vaults:4)
  An earth elemental (Spider:4)
  An orc wizard (Depths:3)
  An orc (D:10)
  4 briar patches (Swamp:3)
  23 fungi
  45 plants
  3 starspawn tentacles (WizLab)
103 creatures vanquished.

Grand Total: 2982 creatures vanquished

Notes
Turn   | Place    | Note
-------+----------+-------------------------------------------
     0 | D:1      | StormFighter the Vine Stalker Fighter began the quest for the Orb.
     0 | D:1      | Reached XP level 1. HP: 11/11 MP: 2/2
    24 | D:1      | Reached XP level 2. HP: 5/16 MP: 3/3
   281 | D:1      | Reached skill level 3 in Unarmed Combat
   526 | D:1      | Reached XP level 3. HP: 16/19 MP: 4/4
  1147 | D:2      | Reached skill level 4 in Unarmed Combat
  1504 | D:2      | Found a white marble altar of Elyvilon.
  1508 | D:2      | Gained mutation: Your natural rate of healing is unusually fast. [Vine Stalker growth]
  1508 | D:2      | Reached XP level 4. HP: 23/23 MP: 5/5
  1646 | D:3      | Noticed Torious's ghost (weakling DECj)
  1679 | D:3      | Killed Torious's ghost
  1743 | D:3      | Found an ancient bone altar of Kikubaaqudgha.
  1794 | D:3      | Reached skill level 5 in Unarmed Combat
  1797 | D:3      | Reached XP level 5. HP: 27/27 MP: 6/6
  2030 | D:3      | Found an iron altar of Okawaru.
  2182 | D:3      | Became a worshipper of Warmaster Okawaru
  2340 | D:3      | Found a shadowy altar of Dithmenos.
  2343 | D:3      | Found a stormy altar of Qazlal.
  2348 | D:3      | Found a glowing golden altar of the Shining One.
  2457 | D:4      | Found a runed door.
  2457 | D:4      | Noticed a human
  2468 | D:4      | Reached skill level 6 in Unarmed Combat
  2468 | D:4      | Reached XP level 6. HP: 31/32 MP: 7/7
  2471 | D:4      | Found a basalt altar of Yredelemnul.
  2499 | D:4      | Killed a human
  2499 | D:4      | Reached skill level 7 in Unarmed Combat
  2549 | D:4      | Found a bloodstained altar of Trog.
  2560 | D:4      | Reached XP level 7. HP: 28/35 MP: 5/8
  2593 | D:4      | Found a shattered altar of Ashenzari.
  2615 | D:4      | Noticed Menkaure
  2624 | D:4      | Killed Menkaure
  2624 | D:4      | Reached * piety under Okawaru
  2624 | D:4      | Reached skill level 8 in Unarmed Combat
  3092 | D:4      | Noticed Ijyb
  3103 | D:4      | Killed Ijyb
  3103 | D:4      | Reached skill level 9 in Unarmed Combat
  3103 | D:4      | Gained mutation: You have razor-sharp teeth. [Vine Stalker growth]
  3103 | D:4      | Reached XP level 8. HP: 39/39 MP: 9/9
  3186 | D:4      | Got a distressingly furry cloak
  3197 | D:4      | Identified the +2 cloak "Sumuep" {rF+ Regen+ Dex-5} (You found it on level 4 of the Dungeon)
  3326 | D:5      | Entered Level 5 of the Dungeon
  3516 | D:5      | Reached ** piety under Okawaru
  3713 | D:5      | Reached skill level 10 in Unarmed Combat
  3736 | D:5      | Found a blossoming altar of Fedhas.
  3993 | D:6      | Found a snail-covered altar of Cheibriados.
  3995 | D:6      | Noticed Edmund
  4010 | D:6      | Killed Edmund
  4102 | D:6      | Reached skill level 11 in Unarmed Combat
  4178 | D:6      | Reached XP level 9. HP: 43/43 MP: 10/10
  4242 | D:6      | Reached *** piety under Okawaru
  4589 | D:7      | Reached skill level 12 in Unarmed Combat
  4803 | D:7      | Found a radiant altar of Vehumet.
  4856 | D:7      | Found a staircase to the Ecumenical Temple.
  4876 | Temple   | Entered the Ecumenical Temple
  5187 | D:7      | Found an iron altar of Okawaru.
  5239 | D:7      | Noticed a two-headed ogre
  5287 | D:7      | Killed a two-headed ogre
  5287 | D:7      | Reached **** piety under Okawaru
  5287 | D:7      | Reached skill level 13 in Unarmed Combat
  5287 | D:7      | Reached XP level 10. HP: 31/47 MP: 9/11
  5591 | D:8      | Noticed Pikel
  5617 | D:8      | Killed Pikel
  5617 | D:8      | Reached skill level 14 in Unarmed Combat
  6198 | D:8      | Reached ***** piety under Okawaru
  6455 | D:9      | Noticed a two-headed ogre
  6462 | D:9      | Killed a two-headed ogre
  6531 | D:9      | Reached skill level 15 in Unarmed Combat
  6533 | D:9      | Received a gift from Okawaru
  6626 | D:9      | Reached skill level 1 in Dodging
  6626 | D:9      | Reached skill level 1 in Invocations
  6689 | D:9      | Reached XP level 11. HP: 49/52 MP: 13/13
  7098 | D:10     | Entered Level 10 of the Dungeon
  7103 | D:10     | Found a staircase to the Orcish Mines.
  7159 | D:10     | Received a gift from Okawaru
  7347 | D:10     | Found a portal to a secret trove of treasure.
  7952 | D:10     | Reached skill level 5 in Fighting
  8021 | D:10     | Noticed a two-headed ogre
  8030 | D:10     | Killed a two-headed ogre
  8331 | D:11     | Noticed a cyclops
  8363 | D:11     | Killed a cyclops
  8436 | D:11     | Found a radiant altar of Vehumet.
  8458 | D:11     | Noticed a two-headed ogre
  8753 | D:11     | Found a staircase to the Lair.
  8793 | D:11     | Noticed a red ugly thing
  8821 | D:10     | HP: 2/56 [acid (7)]
  8822 | D:10     | Killed a brown ugly thing
  9140 | D:10     | Reached skill level 5 in Dodging
  9140 | D:10     | Gained mutation: You heal very quickly. [Vine Stalker growth]
  9140 | D:10     | Reached XP level 12. HP: 31/62 MP: 7/16
  9311 | D:11     | Noticed a two-headed ogre
  9325 | D:11     | Killed a two-headed ogre
  9422 | D:11     | Killed a two-headed ogre
  9733 | D:11     | Received a gift from Okawaru
  9983 | D:12     | Noticed Rupert
  9998 | D:12     | Killed Rupert
  9998 | D:12     | Reached ****** piety under Okawaru
  9998 | D:12     | Reached skill level 5 in Invocations
 10152 | D:12     | Reached skill level 5 in Armour
 10374 | D:12     | Found Xegaopsu's Assorted Antiques.
 10377 | D:12     | Bought a bubbling white potion for 24 gold pieces
 10377 | D:12     | Bought a scroll labeled IVU WESOERHANU for 27 gold pieces
 10377 | D:12     | Bought a scroll labeled CITWERICAS for 27 gold pieces
 10377 | D:12     | Bought a scroll labeled VEPTUS FOWNIGA for 27 gold pieces
 10377 | D:12     | Bought a scroll labeled SOFFAI LEB OGU for 27 gold pieces
 10377 | D:12     | Bought a scroll labeled IVU WESOERHANU for 27 gold pieces
 10596 | D:13     | Noticed a centaur warrior
 10641 | D:13     | Found a gate to the Vaults.
 10641 | D:13     | Noticed a vault guard
 10641 | D:13     | Noticed a vault guard
 10641 | D:13     | Noticed a vault guard
 10642 | D:13     | Noticed a tengu warrior
 10642 | D:13     | Noticed a vault guard
 10646 | D:13     | Noticed a centaur warrior
 10702 | Lair:1   | Entered Level 1 of the Lair of Beasts
 10896 | Lair:1   | Reached XP level 13. HP: 61/69 MP: 15/18
 11099 | Lair:1   | Learned a level 6 spell: Statue Form
 11655 | Lair:2   | Received a gift from Okawaru
 12092 | Lair:2   | Found a staircase to the Swamp.
 13210 | Lair:3   | Found a hole to the Spider Nest.
 13239 | Lair:3   | Reached skill level 10 in Fighting
 13826 | Lair:4   | Received a gift from Okawaru
 13862 | Lair:4   | Reached XP level 14. HP: 74/77 MP: 20/20
 13925 | Lair:4   | Found a frozen archway.
 13934 | IceCv    | Entered an ice cave
 14334 | IceCv    | Noticed a frost giant
 14364 | IceCv    | Killed a frost giant
 14364 | IceCv    | Received a gift from Okawaru
 15309 | Lair:5   | Reached skill level 10 in Dodging
 15469 | Lair:5   | Received a gift from Okawaru
 15933 | Lair:6   | Entered Level 6 of the Lair of Beasts
 15946 | Lair:5   | Received a gift from Okawaru
 15946 | Lair:5   | Reached XP level 15. HP: 73/83 MP: 22/22
 16036 | Lair:6   | Found a staircase to the Slime Pits.
 16817 | Lair:6   | Reached skill level 1 in Spellcasting
 16879 | Lair:6   | Reached skill level 1 in Earth Magic
 17623 | Orc:1    | Entered Level 1 of the Orcish Mines
 17673 | Orc:1    | Received a gift from Okawaru
 17687 | Orc:1    | Noticed an orc warlord
 17723 | D:10     | Killed an orc warlord
 17878 | Orc:1    | Found a bloodstained altar of Trog.
 17882 | Orc:1    | Noticed Erolcha
 17889 | Orc:1    | Killed Erolcha
 17944 | Orc:1    | Noticed Josephine
 17952 | Orc:1    | Killed Josephine
 18079 | Orc:1    | Noticed Fannar
 18101 | Orc:1    | Killed Fannar
 18203 | Orc:2    | Entered Level 2 of the Orcish Mines
 18234 | Orc:2    | Found a staircase to the Elven Halls.
 18378 | Orc:2    | Reached XP level 16. HP: 90/90 MP: 24/24
 18402 | Orc:2    | Found Riurr's Jewellery Shop.
 18402 | Orc:2    | Found Sofyodefu's Jewellery Shoppe.
 18416 | Orc:2    | Bought the ring of Greed {EV+3 Str+6 Dex+4} for 882 gold pieces
 18563 | Orc:2    | Reached skill level 5 in Spellcasting
 18567 | Orc:2    | Reached skill level 5 in Earth Magic
 18653 | Orc:2    | Found Huoqan's General Store.
 18653 | Orc:2    | Found Ypepedu's Magic Scroll Shoppe.
 18687 | Orc:2    | Bought a scroll of identify for 34 gold pieces
 18687 | Orc:2    | Bought a scroll of teleportation for 51 gold pieces
 18696 | Orc:2    | Bought a scroll of identify for 28 gold pieces
 18696 | Orc:2    | Bought a scroll of magic mapping for 49 gold pieces
 18696 | Orc:2    | Bought a scroll of identify for 28 gold pieces
 18696 | Orc:2    | Bought a scroll of magic mapping for 49 gold pieces
 18706 | Orc:2    | Found a roughly hewn altar of Beogh.
 19345 | D:13     | Received a gift from Okawaru
 20092 | D:14     | Found Kuvvajafo's Antique Weapon Emporium.
 20115 | D:14     | Found a labyrinth entrance.
 20128 | Lab      | Entered a labyrinth
 20348 | Lab      | Got a crude golden ring
 20373 | D:14     | Identified the ring of Guudu {*Corrode +Fly MR- Dex+3 Slay+5} (You found it in a labyrinth)
 20922 | D:15     | Entered Level 15 of the Dungeon
 21046 | D:15     | Identified a scroll of acquirement
 21207 | D:15     | Found a staircase to the Depths.
 21306 | D:15     | Received a gift from Okawaru
 21322 | D:15     | Received a gift from Okawaru
 21703 | D:15     | Reached XP level 17. HP: 84/97 MP: 25/30
 22415 | Spider:1 | Entered Level 1 of the Spider Nest
 22446 | Spider:1 | You fall through a shaft!
 22700 | Spider:1 | Noticed Agnes
 22716 | Spider:1 | HP: 3/97 [Agnes/lajatang of venom (10)]
 22721 | Spider:1 | Killed Agnes
 22852 | Spider:1 | Noticed Azrael
 22863 | Spider:1 | Killed Azrael
 22863 | Spider:1 | Received a gift from Okawaru
 23338 | Spider:1 | Reached skill level 10 in Spellcasting
 23469 | Spider:1 | Received a gift from Okawaru
 23926 | Spider:1 | Reached skill level 10 in Earth Magic
 24682 | Spider:3 | Reached skill level 1 in Transmutations
 24906 | Spider:3 | Got a smoking buckler
 24917 | Spider:3 | Identified the +2 buckler of an ice cave {rF++ MR+ Str-5} (You found it on level 3 of the Spider Nest)
 25249 | Spider:4 | Entered Level 4 of the Spider Nest
 25249 | Spider:4 | Noticed Roxanne
 25307 | Spider:4 | Noticed Arachne
 25310 | Spider:3 | Reached skill level 15 in Fighting
 25389 | Spider:3 | Killed Arachne
 25389 | Spider:3 | Received a gift from Okawaru
 25645 | Spider:4 | Reached XP level 18. HP: 83/104 MP: 30/33
 25709 | Spider:4 | Reached XP level 19. HP: 108/108 MP: 34/34
 26045 | Spider:4 | Received a gift from Okawaru
 26520 | Spider:4 | Killed Roxanne
 27125 | Spider:4 | Got a gossamer rune of Zot
 27712 | Swamp:1  | Entered Level 1 of the Swamp
 27739 | Swamp:1  | Noticed Kirke
 27811 | Lair:2   | Killed Kirke
 27870 | Swamp:1  | Got a brightly glowing buckler
 27906 | Swamp:1  | Identified the +1 buckler of the Planets {-Tele Str+2 SInv} (You found it on level 1 of the Swamp)
 28070 | Swamp:1  | Reached skill level 10 in Transmutations
 28377 | Swamp:1  | Received a gift from Okawaru
 28378 | Swamp:1  | Got a shimmering scale mail {god gift}
 28389 | Swamp:1  | Identified the +0 scale mail of Hysteria {-Cast rN+++ Regen+ Int+4} (Okawaru gifted it to you on level 1 of the Swamp)
 28794 | Swamp:2  | Noticed Vajrapani's ghost (adept OpFi)
 28804 | Swamp:2  | Killed Vajrapani's ghost
 28844 | Swamp:2  | Reached XP level 20. HP: 66/114 MP: 35/35
 29327 | Swamp:3  | Noticed Jorgrun
 29352 | Swamp:3  | Killed Jorgrun
 29906 | Swamp:4  | Entered Level 4 of the Swamp
 30127 | Swamp:4  | Noticed Louise
 30143 | Swamp:4  | Killed Louise
 30264 | Swamp:4  | Noticed the 27-headed Lernaean hydra
 30446 | Swamp:4  | Noticed Bai Suzhen
 30521 | Swamp:4  | Killed Bai Suzhen
 30582 | Swamp:4  | Killed the 27-headed Lernaean hydra
 30585 | Swamp:4  | Received a gift from Okawaru
 30685 | Swamp:4  | Reached skill level 15 in Earth Magic
 30704 | Swamp:4  | Got a decaying rune of Zot
 30715 | Swamp:4  | Got a heavily runed plate armour {god gift}
 30726 | Swamp:4  | Identified the +3 plate armour of the Morning {rElec rC+} (Okawaru gifted it to you on level 4 of the Swamp)
 31363 | Elf:1    | Entered Level 1 of the Elven Halls
 31385 | Elf:1    | Found a radiant altar of Vehumet.
 31926 | Elf:1    | Noticed Donald
 31944 | Elf:1    | Killed Donald
 32589 | Elf:2    | Reached XP level 21. HP: 112/119 MP: 33/36
 32805 | Elf:2    | Found a huge runed gate.
 32807 | Elf:2    | Found a huge runed gate.
 32810 | Elf:2    | Found a huge runed gate.
 33101 | Elf:3    | Entered Level 3 of the Elven Halls
 33142 | Elf:3    | Received a gift from Okawaru
 33456 | Elf:3    | Received a gift from Okawaru
 34024 | Elf:3    | Received a gift from Okawaru
 34340 | Elf:3    | Cast into level 2 of the Abyss (a deep elf sorcerer)
 34340 | Abyss:2  | Found a corrupted altar of Lugonu.
 34359 | Elf:3    | Escaped the Abyss
 34406 | Elf:3    | Got a warped glass ring
 34583 | Elf:3    | Got a faintly glowing pewter ring
 34601 | Elf:3    | Received a gift from Okawaru
 34676 | Elf:3    | Reached skill level 15 in Transmutations
 35149 | Elf:3    | Identified a +2 pair of boots of running (Okawaru gifted it to you on level 3 of the Elven Halls)
 35162 | Elf:3    | Identified a ring of the Shrike {*Corrode rC+ rN+ Str+4} (You took it off a deep elf high priest on level 3 of the Elven Halls)
 35164 | Elf:3    | Identified the ring of Dim Light {Wiz +Inv rC- Int+2 Dex+4} (You took it off a deep elf annihilator on level 3 of the Elven Halls)
 35176 | Elf:3    | Learned a level 2 spell: Blink
 35178 | Elf:3    | Identified the Handbook of Attacks and Dark Magic
 35190 | Elf:3    | Identified Ahucodgh's Reference Book on the Volcanoes and Protection
 35285 | Elf:3    | Got a faintly glowing bone ring
 35399 | Elf:3    | Identified the cursed ring "Ejiwkej" {Str+4 Dex-2} (You took it off a deep elf death mage on level 3 of the Elven Halls)
 35645 | Vaults:1 | Entered Level 1 of the Vaults
 35849 | Vaults:1 | Noticed Asterion
 35863 | Vaults:1 | Killed Asterion
 35863 | Vaults:1 | Reached XP level 22. HP: 115/123 MP: 34/37
 36387 | Vaults:1 | Received a gift from Okawaru
 36725 | Vaults:1 | Found Poibryfi's Gadget Shop.
 37118 | Vaults:2 | Received a gift from Okawaru
 37260 | Vaults:2 | Found a sparkling altar of Nemelex Xobeh.
 37508 | Vaults:2 | Noticed Boris
 37532 | Vaults:2 | Killed Boris
 37665 | Vaults:2 | Found a staircase to the Crypt.
 37860 | Vaults:2 | Received a gift from Okawaru
 38597 | Vaults:3 | Reached XP level 23. HP: 128/128 MP: 38/38
 39671 | Vaults:4 | Found Rasylara's Jewellery Shop.
 39916 | Vaults:4 | Found a magical portal.
 39925 | WizLab   | Entered The Roulette of Golubria
 39925 | WizLab   | Found a transporter.
 39930 | WizLab   | Found a corrupted altar of Lugonu.
 39955 | WizLab   | Found a corrupted altar of Lugonu.
 39960 | WizLab   | Found a transporter.
 39982 | WizLab   | Found a transporter.
 40011 | WizLab   | Found a transporter.
 40040 | WizLab   | Found a transporter.
 40055 | WizLab   | Found a corrupted altar of Lugonu.
 40086 | WizLab   | Found a transporter.
 40086 | WizLab   | Found a transporter.
 40149 | WizLab   | Found a transporter.
 40175 | WizLab   | Found a transporter.
 40218 | WizLab   | Found a transporter.
 40343 | WizLab   | Found a transporter.
 40343 | WizLab   | Found a transporter.
 40377 | WizLab   | Found a transporter.
 40377 | WizLab   | Found a transporter.
 40386 | WizLab   | Received a gift from Okawaru
 40408 | WizLab   | Found a transporter.
 40474 | WizLab   | Found a transporter.
 40474 | WizLab   | Found a transporter.
 40514 | WizLab   | Found a transporter.
 40514 | WizLab   | Found a transporter.
 40658 | WizLab   | Got a shimmering cloak
 40664 | WizLab   | Identified the +1 cloak "Tuxtux" {MR+ Int+4 Dex+5} (You found it in a wizard's laboratory)
 40697 | WizLab   | Found a transporter.
 41178 | Vaults:4 | Found Ditulig's Assorted Antiques.
 41182 | Vaults:4 | Found Kubahuil's Gadget Shoppe.
 42101 | Depths:1 | Entered Level 1 of the Depths
 42258 | Depths:1 | Received a gift from Okawaru
 42258 | Depths:1 | Reached XP level 24. HP: 133/133 MP: 38/38
 42279 | Depths:1 | Found a gateway to Hell.
 42368 | Depths:1 | Found a one-way gate leading to the halls of Pandemonium.
 42389 | Depths:1 | Got a shimmering scarf
 42400 | Depths:1 | Identified the scarf "Itotin" {MR+} (You acquired it on level 1 of the Depths)
 42825 | Depths:1 | Found a one-way gate to the infinite horrors of the Abyss.
 43454 | Depths:2 | Received a gift from Okawaru
 43943 | Depths:2 | Reached skill level 10 in Armour
 44253 | Depths:3 | Noticed Margery
 44266 | Depths:3 | Killed Margery
 44300 | Depths:3 | Noticed Saint Roka
 44320 | Depths:3 | Killed Saint Roka
 44874 | Depths:2 | Received a gift from Okawaru
 44932 | Depths:2 | Got a smoking golden ring
 44953 | Depths:2 | Identified the ring of Past Mistakes {+Fly rN+ Dex+6} (You took it off a spriggan berserker on level 2 of the Depths)
 45436 | Depths:3 | Noticed a juggernaut
 45439 | Depths:3 | Paralysed by a floating eye for 3 turns
 45574 | Depths:3 | Paralysed by a floating eye for 2 turns
 45582 | Depths:3 | Paralysed by a floating eye for 4 turns
 45592 | Depths:3 | Killed a juggernaut
 45592 | Depths:3 | Reached XP level 25. HP: 137/137 MP: 37/38
 45594 | Depths:3 | Paralysed by a floating eye for 2 turns
 45603 | Depths:3 | Received a gift from Okawaru
 45610 | Depths:3 | Paralysed by a floating eye for 4 turns
 45619 | Depths:3 | Paralysed by a floating eye for 3 turns
 45630 | Depths:3 | Paralysed by a floating eye for 2 turns
 46020 | Depths:4 | Found a gateway to a ziggurat.
 46035 | Depths:4 | Found a hazy altar of Hepliaklqana.
 46035 | Depths:4 | Found a glowing silver altar of Zin.
 46036 | Depths:4 | Found a white marble altar of Elyvilon.
 46303 | Depths:4 | Received a gift from Okawaru
 46387 | Depths:4 | Reached skill level 15 in Armour
 46406 | Depths:4 | Noticed a juggernaut
 46410 | Depths:4 | Killed a juggernaut
 46431 | Depths:4 | Received a gift from Okawaru
 46981 | Depths:4 | Received a gift from Okawaru
 47008 | Depths:4 | Reached XP level 26. HP: 142/142 MP: 38/38
 47284 | Depths:5 | Entered Level 5 of the Depths
 47611 | Depths:5 | Received a gift from Okawaru
 47761 | Depths:5 | Found a gate to the Realm of Zot.
 47789 | Depths:5 | Reached skill level 16 in Unarmed Combat
 48939 | Vaults:5 | Entered Level 5 of the Vaults
 48946 | Vaults:5 | Reached skill level 17 in Unarmed Combat
 48947 | Vaults:5 | Received a gift from Okawaru
 49214 | Vaults:5 | Reached XP level 27. HP: 111/149 MP: 25/38
 49226 | Vaults:4 | Reached skill level 18 in Unarmed Combat
 49502 | Vaults:5 | Got a translucent glass ring
 49506 | Vaults:5 | Noticed asdasd2's ghost (adept MiFi)
 49520 | Vaults:4 | Received a gift from Okawaru
 49621 | Vaults:5 | Killed asdasd2's ghost
 49621 | Vaults:5 | Reached skill level 19 in Unarmed Combat
 49704 | Vaults:5 | Identified a ring "Nezooxuk" {rF+ rC+ MR++} (You took it off an ogre mage on level 5 of the Vaults)
 49757 | Vaults:5 | Learned a level 4 spell: Passage of Golubria
 49761 | Vaults:5 | Learned a level 3 spell: Lesser Beckoning
 49762 | Vaults:5 | Identified Ecat Quikk's Collected Works on the Igneous Voyage
 49779 | Vaults:5 | Learned a level 5 spell: Aura of Abjuration
 50421 | Vaults:5 | Got a silver rune of Zot
 50502 | Vaults:5 | Identified the Disquisition on Ensnaring Transmigration
 50720 | Vaults:5 | Reached skill level 20 in Unarmed Combat
 51159 | Slime:1  | Entered Level 1 of the Pits of Slime
 51188 | Slime:1  | Received a gift from Okawaru
 51477 | Slime:1  | Got a bronze plate armour {god gift}
 51768 | Slime:4  | Gained mutation: You tend to lose your temper in combat. [a shining eye]
 51771 | Slime:4  | Gained mutation: Scrolls take you a little longer to read. [a shining eye]
 51774 | Slime:4  | Lost mutation: You tend to lose your temper in combat. [potion of mutation]
 51774 | Slime:4  | Lost mutation: Scrolls take you a little longer to read. [potion of mutation]
 51774 | Slime:4  | Gained mutation: You evolve. [potion of mutation]
 51774 | Slime:4  | Gained mutation: You tend to lose your temper in combat. [potion of mutation]
 51774 | Slime:4  | Gained mutation: Your movements are slightly less encumbered by armour. (ER -2) [potion of mutation]
 51783 | Slime:5  | Entered Level 5 of the Pits of Slime
 52000 | Slime:3  | Reached skill level 1 in Translocations
 52131 | Slime:5  | Gained mutation: You are frail. (-10% HP) [evolution]
 52215 | Slime:4  | Reached skill level 5 in Translocations
 52439 | Slime:5  | Received a gift from Okawaru
 52611 | Slime:5  | Found a viscous altar of Jiyva.
 52613 | Slime:5  | Noticed the Royal Jelly
 52626 | Slime:5  | Reached skill level 10 in Translocations
 52758 | Slime:5  | Gained mutation: You are weak. (Str -2) [a shining eye]
 53089 | Slime:5  | Killed the Royal Jelly
 53532 | Slime:5  | Identified the Almanac of Dusty Conjuration
 53537 | Slime:5  | Learned a level 2 spell: Passwall
 53570 | Slime:5  | Got a slimy rune of Zot
 53622 | Slime:5  | Identified the Guide on Transmutation
 53766 | Lair:6   | Lost mutation: You are frail. (-10% HP) [potion of mutation]
 53766 | Lair:6   | Lost mutation: Your movements are slightly less encumbered by armour. (ER -2) [potion of mutation]
 53766 | Lair:6   | Lost mutation: You are weak. (Str -2) [potion of mutation]
 53766 | Lair:6   | Gained mutation: Your muscles are strong. (Str +2) [potion of mutation]
 53766 | Lair:6   | Lost mutation: You tend to lose your temper in combat. [potion of mutation]
 53766 | Lair:6   | Lost mutation: Your muscles are strong. (Str +2) [potion of mutation]
 53766 | Lair:6   | Gained mutation: You are partially covered in yellow scales. (AC +2) [potion of mutation]
 53888 | Lair:1   | Identified the +1 plate armour of Tender Moments {*Drain rN+ Int+6} (Okawaru gifted it to you on level 1 of the Pits of Slime)
 54048 | Hell     | Entered the Vestibule of Hell
 54048 | Hell     | Noticed Geryon
 54118 | Hell     | Reached skill level 21 in Unarmed Combat
 54119 | Hell     | Received a gift from Okawaru
 54128 | Hell     | Killed Geryon
 54229 | Hell     | Found a gateway to the decaying netherworld of Tartarus.
 54310 | Hell     | Found a gateway to the freezing wastes of Cocytus.
 54368 | Hell     | Found a gateway to the Iron City of Dis.
 54424 | Hell     | Found a gateway to the ashen valley of Gehenna.
 55062 | D:3      | Fell from the grace of Okawaru
 55062 | D:3      | Became a worshipper of the Shining One
 55328 | Crypt:1  | Entered Level 1 of the Crypt
 55355 | Crypt:1  | Reached * piety under the Shining One
 55470 | Crypt:1  | Reached ** piety under the Shining One
 55493 | Crypt:1  | Reached skill level 10 in Invocations
 55588 | Crypt:1  | Reached *** piety under the Shining One
 55622 | Crypt:1  | HP: 5/198 [ghoul (11)]
 55622 | Crypt:1  | Mangled by a ghoul

Skill      XL: |  1  2  3  4  5  6  7  8  9 10 11 12 13 14 15 16 17 18 19 20 21 22 23 24 25 26 27 |
---------------+----------------------------------------------------------------------------------+-----
Unarmed Combat | 3 4 5 6 7 9 11 13 15 17 21 | 21.6
Fighting       | 3 6 8 10 11 12 14 15 16 18 | 18.7
Dodging        | 1 5 7 8 10 11 | 11.0
Invocations    | 1 4 5 7 8 9 10 | 10.4
Armour         | 4 5 6 7 8 13 16 | 16.8
Spellcasting   | 4 8 10 | 10.5
Earth Magic    | 4 8 11 13 15 17 19 20 | 20.8
Transmutations | 4 6 10 13 15 17 19 | 19.4
Translocations | 12 | 12.9
Shields        | |  2.6

Action                   |  1- 3 |  4- 6 |  7- 9 | 10-12 | 13-15 | 16-18 | 19-21 | 22-24 | 25-27 || total
-------------------------+-------+-------+-------+-------+-------+-------+-------+-------+-------++-------
Melee: Unarmed           |   108 |   153 |   275 |   654 |  1781 |   992 |  1570 |  1543 |  1564 ||  8640
       Bite              |    28 |    40 |   101 |   263 |   828 |   519 |   851 |   939 |   874 ||  4443
 Cast: Statue Form       |       |       |       |       |       |       |       |    10 |    61 ||    71
       Lesser Beckoning  |       |       |       |       |       |       |       |       |    10 ||    10
       Blink             |       |       |       |       |       |       |       |       |     3 ||     3
       Passage of Golubr |       |       |       |       |       |       |       |       |     2 ||     2
Invok: Heroism           |       |       |       |       |     3 |     1 |     4 |    19 |    20 ||    47
       Finesse           |       |       |       |       |     1 |       |     3 |     3 |     3 ||    10
 Abil: Evoke Flight      |       |       |       |       |       |     1 |     9 |       |       ||    10
       End Transformatio |       |       |       |       |       |       |       |     1 |     9 ||    10
       Stop Flying       |       |       |       |       |       |       |       |     1 |       ||     1
Evoke: Wand              |       |       |       |     7 |     4 |    14 |     8 |     1 |       ||    34
       Phantom mirror    |       |       |       |     1 |       |       |       |       |       ||     1
       Sack of spiders   |       |       |       |       |       |     3 |       |       |       ||     3
       Lightning rod     |       |       |       |       |       |     4 |    12 |     4 |     2 ||    22
       Box of beasts     |       |       |       |       |       |     2 |       |       |       ||     2
  Use: Scroll            |       |       |       |     4 |    24 |    14 |    15 |     9 |    10 ||    76
       Potion            |       |       |       |       |     1 |     4 |     3 |       |     5 ||    13
 Stab: Distracted        |       |     1 |       |       |       |       |       |     1 |       ||     2
       Held in net/web   |       |       |       |       |       |     3 |       |       |       ||     3
       Sleeping          |       |       |       |       |       |       |       |       |     2 ||     2
  Eat: Chunk             |     1 |     5 |     8 |    22 |    26 |    13 |    24 |    20 |    24 ||   143
       Fruit             |       |       |       |     1 |       |    14 |    12 |       |    10 ||    37
       Royal jelly       |       |       |       |     1 |       |       |     1 |     3 |       ||     5
       Meat ration       |       |       |       |       |       |       |       |     3 |     7 ||    10
Armor: Scale mail        |    52 |    46 |    55 |     4 |       |       |       |       |       ||   157
       Skin              |       |       |     2 |       |       |       |       |    65 |   656 ||   723
       Chain mail        |       |       |    18 |   183 |   750 |   326 |   614 |   337 |   192 ||  2420
       Plate armour      |       |       |       |   102 |       |       |       |       |       ||   102
Dodge: Dodged            |    27 |    31 |    62 |   123 |   837 |   656 |  1106 |  1107 |  1897 ||  5846
       Deflected         |       |       |       |     6 |     5 |    24 |    45 |    34 |       ||   114
Block: Shield            |    56 |    47 |    89 |   281 |   893 |   552 |   911 |   849 |  1191 ||  4869
       Reflection        |       |       |       |       |       |       |    25 |    93 |    53 ||   171
